 Dungeon Crawl Stone Soup version 0.29-a0-598-gd8304a5bf4 (console) character file.

Game seed: 15299901611557038756

10521 om the Nimble (level 11, -2/88 HPs)
             Began as a Djinni Hedge Wizard on June 15, 2022.
             Was a Plaything of Xom.
             Shot with an arrow by a centaur (14 damage)
             ... on level 11 of the Dungeon.
             The game lasted 00:23:57 (12366 turns).

om the Nimble (Djinni Hedge Wizard)                Turns: 12366, Time: 00:23:58

Health: -2/88      AC:  4    Str: 11    XL:     11   Next: 94%
Gold:   287        EV: 17    Int: 19    God:    Xom [....*.] SH:  0 Dex: 12

rFire   + + +      SeeInvis +   v - +2 falchion (elec)
rCold   x . .      Faith    .   (no shield)
rNeg    . . .      Spirit   .   b - +0 robe
rPois   ∞          Reflect  .   q - +0 hat {Will+}
rElec   .          Harm     .   (no cloak)
rCorr   .          Rampage  .   l - +1 pair of gloves {hurl}
Will    ++...      Clarity  +   (boots unavailable)
Stlth   ++........              (no amulet)
HPRegen 0.24/turn               d - ring of see invisible
MPRegen 0.00/turn               (no ring)

@: flying
A: sickness immunity, fire resistance 3, cold vulnerability 1, float, innate
caster, HP casting, extra vitality 1, horns 1, clarity, mutation resistance 2,
robust 2
a: Renounce Religion


You were on level 11 of the Dungeon.
You worshipped Xom.
You were a beloved toy of Xom.
You visited 1 branch of the dungeon, and saw 9 of its levels.
You also visited: Bailey.

You collected 463 gold pieces.
You spent 176 gold pieces at shops.

Inventory:

Hand Weapons
 a - a +0 dagger
 g - a +0 whip
 i - a +2 short sword of chaos
 p - a +2 spear of venom
 v - a +2 falchion of electrocution (weapon)
 x - a +0 spear
Armour
 b - a +0 robe (worn)
 l - a +1 pair of gloves of hurling (worn)
 q - a +0 hat of willpower (worn)
Jewellery
 d - a ring of see invisible (left hand)
Wands
 c - a wand of charming (2)
 r - a wand of quicksilver (12)
 u - a wand of digging (5)
 w - a wand of iceblast (8)
 F - a wand of polymorph (7)
Scrolls
 e - 2 scrolls of fear
 m - 3 scrolls of teleportation
 t - 3 scrolls of identify
 y - 2 scrolls of enchant armour
 B - 7 scrolls of enchant weapon
 D - a scroll of summoning
Potions
 f - 2 potions of flight
 h - 3 potions of curing
 j - a potion of might
 k - 2 potions of attraction
 n - 2 potions of haste
 o - 3 potions of brilliance
 s - a potion of invisibility
 A - 5 potions of cancellation {unknown}
 C - 3 potions of resistance {unknown}


   Skills:
 + Level 4.5 Fighting
 - Level 0.6 Maces & Flails
 + Level 12.5 Dodging
 - Level 3.0 Stealth
 + Level 11.2 Spellcasting


You had 5 spell levels left.
You knew the following spells:

 Your Spells              Type           Power      Damage    Failure   Level
a - Magic Dart            Conj           100%       1d8       1%          1
b - Blink                 Tloc           100%       N/A       1%          2
c - Call Imp              Summ           52%        N/A       1%          2
d - Slow                  Hex            100%       N/A       1%          1
e - Conjure Flame         Conj/Fire      52%        6-21      1%          3
f - Mephitic Cloud        Conj/Pois/Air  52%        N/A       1%          3
g - Necrotize             Necr           100%       1d9       1%          1
h - Static Discharge      Conj/Air       52%        N/A       1%          2
i - Tukima's Dance        Hex            52%        N/A       1%          3
j - Animate Armour        Summ/Erth      100%       N/A       1%          4
k - Summon Mana Viper     Hex/Summ       52%        N/A       1%          5
Your spell library was empty.

Dungeon Overview and Level Annotations

Branches:
Dungeon (11/15)            Temple (0/1) D:6            Lair (0/6) D:11
 Bailey (visited)
    Orc: D:9-12

Altars:
Elyvilon
Hepliaklqana
Qazlal
Sif Muna
Uskayaw
Xom

Shops:
D:3 :   D:4 [   D:5 *

Annotations:
D:4 3 runed translucent doors, pigah's ghost, amateur OpAE
D:7 2 transporters, MechDurjaeses's ghost, novice GnFi
D:11 1 runed translucent door


Innate Abilities, Weirdness & Mutations

You are immune to sickness and miasma.
You are immune to poison.
Your flesh is almost immune to the effects of heat. (rF+++)
You are vulnerable to cold. (rC-)
You float through the air rather than walking.
You learn spells naturally, not from books.
Your magical power is your life essence.
You have superior vitality. (+4 MHP)
You have a pair of small horns on your head.
You possess an exceptional clarity of mind.
You are somewhat resistant to both further mutation and mutation removal.
You are very robust. (+20% HP)


Message History

The centaur dies!
The centaur closely misses you.
The centaur misses you. x2; The centaur closely misses you.
You are too injured to fight recklessly!
You hit the centaur. Your headbutt misses the centaur.
The centaur is severely wounded.
Your mana viper barely misses the centaur.
The centaur hits you.
* * * LOW HITPOINT WARNING * * *
The centaur closely misses you. The centaur misses you.
The centaur closely misses you.
Your mana viper bites the centaur!!
The centaur dies!
You hear a twanging sound.
An arrow appears from out of your range of vision.
The arrow hits your mana viper! The centaur hits you.
* * * LOW HITPOINT WARNING * * *
The centaur closely misses you. 2 centaurs come into view.
Your mana viper bites the centaur!
The centaur hits you.
* * * LOW HITPOINT WARNING * * *
The centaur misses you.
Things that are here:
a +0 shortbow; a scroll of enchant weapon You hit the centaur but do no damage.
Lightning courses through the centaur!
You headbutt the centaur, but do no damage.
The centaur is heavily wounded.
Your mana viper bites the centaur.
The centaur hits you but does no damage.
The centaur misses you.
Your crimson imp hits the centaur but does no damage.
The centaur wields a +1 shortbow of flaming.
It bursts into flame!
The centaur shoots an arrow.
The arrow hits you.
* * * LOW HITPOINT WARNING * * *
Your mana viper bites the centaur!!
The centaur dies!
The centaur unwields a +0 shortbow.
The centaur hits you.
* * * LOW HITPOINT WARNING * * *
The centaur barely misses you.
You hit the centaur. Lightning courses through the centaur!
You kill the centaur!
The centaur shoots an arrow.
The arrow hits you!
You die...

#.........#
...#.......
#.........#
....#...####
#[........#.....#...#
#.........#.....#...#
#...................+
#..!................#
#........## +###...
########.# ...(#...
#c# ######.# #....@)#
#...5S.#
#....).######
#............
#.............
#........#+##.
#.........#
#.........#
#..######## .########
#.. ........# #..
........#


You could see a centaur (ally target), a friendly mana viper (summoned) and a
friendly crimson imp (summoned).

Vanquished Creatures
  An orc knight (Bailey)
  A cyclops (D:11)
  A komodo dragon (D:10)
  Prince Ribbit (D:5)
  A raiju (D:4)
  A wyvern (D:11)
  Eustachio (D:6)
  3 yaks (D:11)
  A dancing weapon (Bailey)
  A basilisk (D:11)
  Edmund (D:4)
  A water moccasin (D:5)
  Duvessa (D:5)
  A sky beast (D:7)
  2 black bears
  6 orc warriors
  An ice beast (D:6)
  An ogre (D:6)
  3 centaurs
  A bullfrog (D:6)
  2 kobold brigands
  A scorpion (D:5)
  Dowan (D:5)
  7 killer bees
  7 hounds
  3 orc priests
  Jessica (D:3)
  4 iguanas
  Terence (D:3)
  2 orc wizards
  7 adders
  A white imp (D:6)
  3 dart slugs
  31 orcs
  5 ball pythons
  7 bats
  4 endoplasms
  A giant cockroach (D:1)
  9 goblins
  12 hobgoblins
  4 jackals (D:4)
  2 quokkas (D:3)
  5 frilled lizards
  13 kobolds
  7 rats
170 creatures vanquished.

Vanquished Creatures (collateral kills)
  Erolcha (D:10)
  A two-headed ogre (D:11)
  An elephant (D:11)
  A tarantella (shapeshifter) (D:11)
  4 orc warriors (Bailey)
  3 centaurs (D:11)
  5 wights (D:10)
  Ijyb (D:5)
  A gnoll (D:1)
  5 orcs (Bailey)
  A quokka (D:1)
  A kobold (D:1)
25 creatures vanquished.

Vanquished Creatures (others)
  A dancing weapon (Bailey)
  A kobold (D:11)
  2 fungi (D:11)
  A plant (D:11)
5 creatures vanquished.

Grand Total: 200 creatures vanquished

Notes
Turn   | Place    | Note
-------+----------+-------------------------------------------
     0 | D:1      | om the Djinni Hedge Wizard began the quest for the Orb.
     0 | D:1      | om set off with the following spells memorised: Magic Dart,
                  | Blink, Call Imp, Slow, Conjure Flame, Mephitic Cloud.
     0 | D:1      | Reached XP level 1. HP: 15/15 MP: 0/0
   412 | D:1      | Reached XP level 2. HP: 20/21 MP: 0/0
   412 | D:1      | Found a faded altar of an unknown god.
   578 | D:1      | Prayed at the altar of an unknown god.
   578 | D:1      | Became a worshipper of Xom of Chaos
   703 | D:1      | Reached XP level 3. HP: 9/25 MP: 0/0
   703 | D:1      | Learned a level 1 spell: Necrotize
  1478 | D:1      | XOM: silly message
  1730 | D:2      | XOM: give mutation
  1730 | D:2      | Gained mutation: Your flesh is almost immune to the effects
                  | of heat. (rF+++) [Xom's grace]
  1811 | D:2      | XOM: god gift: 51 gold pieces
  2075 | D:2      | Reached XP level 4. HP: 21/31 MP: 0/0
  2353 | D:2      | XOM: give mutations
  2353 | D:2      | Gained mutation: You possess an exceptional clarity of
                  | mind. [Xom's grace]
  2353 | D:2      | Gained mutation: You are somewhat resistant to further
                  | mutation. [Xom's grace]
  2353 | D:2      | Gained mutation: A frigid envelope surrounds you and
                  | freezes all who hurt you. [Xom's grace]
  2595 | D:3      | XOM: give mutations
  2595 | D:3      | Gained mutation: You have a pair of small horns on your
                  | head. [Xom's grace]
  2595 | D:3      | Gained mutation: You are covered in fur. (AC +1) [Xom's
                  | grace]
  2595 | D:3      | Gained mutation: You are robust. (+10% HP) [Xom's grace]
  2595 | D:3      | Gained mutation: You are very robust. (+20% HP) [Xom's
                  | grace]
  2723 | D:3      | Noticed Terence
  2728 | D:3      | Killed Terence
  3019 | D:3      | Noticed Jessica
  3024 | D:3      | Killed Jessica
  3025 | D:3      | Reached XP level 5. HP: 40/42 MP: 0/0
  3025 | D:3      | Learned a level 2 spell: Static Discharge
  3092 | D:3      | XOM: divination: detect creatures
  3118 | D:3      | Found Silipo's Book Boutique.
  3350 | D:3      | XOM: 9-stop teleportation journey
  3460 | D:2      | XOM: summons 3 hostile demons
  3936 | D:3      | XOM: stat loss: -1 Dex (11/12)
  4183 | D:4      | Found a white marble altar of Elyvilon.
  4229 | D:4      | Found Aroy's Armour Emporium.
  4345 | D:4      | Reached XP level 6. HP: 27/48 MP: 0/0
  4697 | D:4      | Found a stormy altar of Qazlal.
  4698 | D:4      | Noticed a water elemental
  4700 | D:4      | Noticed a fire elemental
  4700 | D:4      | Noticed an air elemental
  4745 | D:4      | XOM: scenery: create altars
  4788 | D:4      | Found a runed translucent gate.
  4788 | D:4      | Found a runed translucent gate.
  4788 | D:4      | Found a runed translucent gate.
  4788 | D:4      | Noticed pigah's ghost (amateur OpAE)
  4985 | D:4      | Noticed Edmund
  4999 | D:4      | Killed Edmund
  5462 | D:4      | Reached XP level 7. HP: 36/54 MP: 0/0
  5462 | D:4      | Learned a level 3 spell: Tukima's Dance
  5469 | D:4      | Reached skill level 5 in Spellcasting
  5601 | D:4      | Found a hide-covered altar of Uskayaw.
  5682 | D:4      | XOM: scenery: create altars
  5838 | D:5      | Entered Level 5 of the Dungeon
  5838 | D:5      | Noticed Prince Ribbit
  5851 | D:5      | Killed Prince Ribbit
  5852 | D:5      | Reached skill level 4 in Dodging
  5937 | D:5      | XOM: smoke on damage
  6080 | D:4      | XOM: scenery: summon butterflies
  6142 | D:5      | Noticed a water moccasin
  6148 | D:5      | Killed a water moccasin
  6149 | D:5      | Reached XP level 8. HP: 24/60 MP: 0/0
  6341 | D:5      | Found Haiggiu's Humungous Hoard.
  6349 | D:5      | Bought a potion of heal wounds for 55 gold pieces
  6349 | D:5      | Bought a +0 hat of willpower for 121 gold pieces
  6365 | D:5      | Noticed Pikel
  6376 | D:5      | XOM: enchant monster (good)
  6377 | D:5      | XOM: scenery: create altars
  6394 | D:4      | Noticed Pikel
  6394 | D:4      | Pikel changed into Pikel the raiju
  6394 | D:4      | XOM: polymorph Pikel -> Pikel the raiju
  6396 | D:4      | XOM: cleaving
  6417 | D:4      | HP: 3/60 [Pikel the raiju/living lightning (6)]
  6420 | D:4      | Killed Pikel the raiju
  6421 | D:4      | Reached skill level 5 in Dodging
  6437 | D:4      | XOM: stat loss: -1 Dex (11/12)
  6697 | D:5      | Noticed Ijyb
  6712 | D:5      | Killed Ijyb
  6940 | D:5      | Noticed Dowan
  6949 | D:5      | Killed Dowan
  6952 | D:5      | Noticed Duvessa
  6967 | D:5      | Reached skill level 6 in Dodging
  6969 | D:5      | Killed Duvessa
  7225 | D:5      | XOM: blink monster(s)
  7228 | D:5      | XOM: 2-stop teleportation journey
  7420 | D:5      | Found a hazy altar of Hepliaklqana.
  7421 | D:5      | Found a shimmering altar of Xom.
  7422 | D:5      | Noticed a spectral ugly thing
  7551 | D:6      | XOM: chaos cloud
  7560 | D:6      | Reached XP level 9. HP: 54/66 MP: 0/0
  7560 | D:6      | Learned a level 4 spell: Animate Armour
  7662 | D:6      | Reached skill level 7 in Dodging
  7776 | D:6      | Found a staircase to the Ecumenical Temple.
  7865 | D:6      | XOM: summons 4 hostile shadow creatures
  7888 | D:6      | XOM: 1-stop teleportation journey
  7889 | D:6      | XOM: chaos upgrade
  8134 | D:6      | Noticed Eustachio
  8143 | D:6      | XOM: give mutations
  8143 | D:6      | Gained mutation: You are clumsy. (Dex -2) [Xom's mischief]
  8143 | D:6      | Lost mutation: You are clumsy. (Dex -2) [Xom's mischief]
  8150 | D:6      | HP: 2/66 [Eustachio/+2 falchion of electrocution (7)]
  8155 | D:6      | XOM: silly message
  8158 | D:6      | Killed Eustachio
  8642 | D:7      | XOM: silly message
  8650 | D:7      | Reached skill level 8 in Dodging
  8813 | D:7      | Noticed a moth of wrath
  8823 | D:7      | Found a transporter.
  8826 | D:7      | Noticed MechDurjaeses's ghost (novice GnFi)
  8826 | D:7      | Found the +2 cloak of the Thief {*Fog Slay-2 SInv Stlth+}
  8840 | D:7      | Found a transporter.
  8957 | D:7      | You are sucked into a shaft and drop 3 floors!
  8957 | D:10     | Entered Level 10 of the Dungeon
  8967 | D:10     | XOM: summons 5 hostile demons
  8968 | D:10     | Noticed a komodo dragon
  8968 | D:10     | XOM: 1-stop teleportation journey
  8980 | D:10     | Killed a komodo dragon
  9053 | D:10     | Found a flagged portal.
  9061 | Bailey   | XOM: stealth player
  9061 | Bailey   | Entered a bailey
  9209 | Bailey   | Reached skill level 9 in Dodging
  9283 | Bailey   | XOM: 1-stop teleportation journey
  9291 | Bailey   | XOM: summons 7 friendly demons
  9317 | Bailey   | Reached XP level 10. HP: 13/72 MP: 0/0
  9660 | Bailey   | Noticed an orc knight
  9664 | Bailey   | Reached skill level 11 in Dodging
  9664 | Bailey   | Reached skill level 10 in Spellcasting
  9664 | Bailey   | Reached XP level 11. HP: 78/78 MP: 0/0
  9664 | Bailey   | Learned a level 5 spell: Summon Mana Viper
  9706 | Bailey   | Killed an orc knight
  9707 | Bailey   | Reached skill level 1 in Fighting
 10075 | Bailey   | XOM: scenery: 1 doors close
 10084 | Bailey   | XOM: 3-stop teleportation journey
 10106 | Bailey   | XOM: divination: detect creatures
 10225 | Bailey   | XOM: smoke on damage
 11091 | D:10     | Noticed Erolcha
 11091 | D:10     | XOM: potion effect (haste)
 11106 | D:10     | Killed Erolcha
 11394 | D:10     | XOM: scenery: 1 doors close
 11524 | D:11     | XOM: noise
 11528 | D:11     | Noticed a two-headed ogre
 11531 | D:11     | Noticed an elephant
 11535 | D:11     | Killed a two-headed ogre
 11536 | D:11     | Reached skill level 12 in Dodging
 11541 | D:11     | Killed an elephant
 11562 | D:11     | Found a staircase to the Lair.
 11891 | D:11     | XOM: scenery: 1 doors open, 1 doors close
 12055 | D:11     | Noticed a cyclops
 12067 | D:11     | Killed a cyclops
 12159 | D:11     | Found a runed translucent gate.
 12159 | D:11     | XOM: 8-stop teleportation journey
 12163 | D:11     | Lost mutation: You are covered in fur. (AC +1) [potion of
                  | mutation]
 12163 | D:11     | Lost mutation: A frigid envelope surrounds you and freezes
                  | all who hurt you. [potion of mutation]
 12163 | D:11     | Gained mutation: You are somewhat resistant to both further
                  | mutation and mutation removal. [potion of mutation]
 12227 | D:11     | XOM: cloud trail
 12299 | D:11     | Noticed a glowing shapeshifter
 12299 | D:11     | an unseen horror changed into a glowing shapeshifter
 12299 | D:11     | XOM: polymorph unseen horror -> glowing shapeshifter
 12299 | D:11     | Noticed a shock serpent
 12299 | D:11     | a glowing shapeshifter changed into a shock serpent
 12302 | D:11     | Noticed a death drake
 12302 | D:11     | a shock serpent changed into a death drake
 12303 | D:11     | a death drake changed into a tarantella
 12366 | D:11     | Shot with an arrow by a centaur

Illustrated notes

Levels and vault maps discovered:
D:1:      wander_arrival_estate, layout_basic, basic_ecumenical_altar
D:2:      layout_basic
D:3:      kb_forest_paths, layout_basic, serial_shops, nicolae_shop_stone,
          uniq_jessica, uniq_terence
D:4:      layout_layer_cave, nicolae_overflow_crystal_walls,
          mainiacjoe_overflow_six_doors_small, nicolae_qazlal_style_of_elements,
          ebering_ghost_rock_garden, serial_shops, shop, uniq_edmund
D:5:      layout_rooms, regret_index_temple_of_mockery,
          mainiacjoe_overflow_paths, nicolae_alphabet_shops,
          uniq_prince_ribbit1, uniq_ijyb, uniq_duvessa, uniq_pikel
D:6:      layout_basic, minmay_temple_entry_hall, uniq_eustachio
D:7:      layout_loops_ring, gammafunk_ghost_berserking_beasts, uniq_menkaure
D:10:     layout_roguey, enter_bailey_4, uniq_erolcha
D:11:     layout_irregular_city, david_lair_generic, ebering_ghost_rock_garden

Skill      XL: |  1  2  3  4  5  6  7  8  9 10 11 |
---------------+----------------------------------+-----
Spellcasting   | 3 4 5 6 7 10 11 | 11.2
Stealth        | 2 3 |  3.0
Dodging        | 4 6 9 11 12 | 12.5
Fighting       | 4 |  4.5
Maces & Flails | |  0.6

Action                   |  1- 3 |  4- 6 |  7- 9 | 10-12 || total
-------------------------+-------+-------+-------+-------++-------
Melee: Dagger            |     3 |       |       |       ||     3
       Whip              |     8 |     9 |     2 |       ||    19
       Punch             |       |     1 |       |       ||     1
       Spear             |       |       |    24 |       ||    24
       Falchion          |       |       |    36 |    58 ||    94
       Headbutt          |       |       |    14 |    14 ||    28
       Short sword       |       |       |    14 |       ||    14
 Cast: Magic Dart        |    68 |    80 |   103 |    38 ||   289
       Call Imp          |     2 |       |     3 |     3 ||     8
       Blink             |     1 |       |     1 |     1 ||     3
       Necrotize         |       |     3 |       |     3 ||     6
       Static Discharge  |       |     8 |    29 |    13 ||    50
       Mephitic Cloud    |       |     5 |     8 |     3 ||    16
       Conjure Flame     |       |     5 |       |     2 ||     7
       Tukima's Dance    |       |       |     4 |       ||     4
       Animate Armour    |       |       |     1 |     1 ||     2
       Summon Mana Viper |       |       |       |    10 ||    10
  Use: Potion            |     1 |       |     8 |     4 ||    13
       Scroll            |     4 |     3 |     3 |     2 ||    12
 Stab: Sleeping          |     1 |       |     2 |       ||     3
       Distracted        |       |       |     1 |     2 ||     3
       Confused          |       |       |     2 |     1 ||     3
       Invisible         |       |       |     2 |       ||     2
Armor: Robe              |     2 |    10 |    47 |    25 ||    84
Dodge: Dodged            |    16 |    27 |   163 |   127 ||   333

Table legend: (Time is in decaauts)
 A = Elapsed time spent in this place.
 B = Non-inter-level travel time spent in this place.
 C = Inter-level travel time spent in this place.
 D = Time resting spent in this place.
 E = Time spent auto-exploring this place.
 F = Levels seen in this place.
 G = Mean time per level.
                   A        B        C        D        E       F      G
               +--------+--------+--------+--------+--------+-----+--------+
         Total |  12355 |  12059 |    296 |   1723 |   8933 |  10 | 1235.5 |
       Dungeon |  10923 |  10627 |    296 |   1045 |   8393 |   9 | 1213.7 |
        Bailey |   1431 |   1431 |      0 |    678 |    540 |   1 | 1431.0 |
               +--------+--------+--------+--------+--------+-----+--------+

Top non-repeatable levels by time:
     D:4: 2101 daAuts
     D:1: 1624 daAuts
  Bailey: 1431 daAuts
    D:10: 1411 daAuts
     D:3: 1380 daAuts
     D:5: 1282 daAuts
     D:2: 1166 daAuts
     D:6: 1058 daAuts
    D:11: 568 daAuts
     D:7: 329 daAuts
